 Dungeon Crawl Stone Soup version 0.18-a0-1292-ge8ad84c (webtiles) character file.

3167 Lysie the Cleaver (level 9, -1/70 HPs)
             Began as a Minotaur Fighter on Feb 10, 2016.
             Was a Believer of Okawaru.
             Killed by divine providence
             ... invoked by an orc priest
              (16 damage)
             ... on level 7 of the Dungeon.
             The game lasted 00:14:22 (5428 turns).

Lysie the Cleaver (Minotaur Fighter)                Turns: 5428, Time: 00:14:22

Health: -1/70      AC: 27    Str: 35    XL:     9   Next: 63%
Magic:  5/8        EV:  9    Int:  3    God:    Okawaru [**....]
Gold:   251        SH: 15    Dex: 13    Spells: 0 memorised, 8 levels left

rFire  + . .     SeeInvis .     a - +1 war axe
rCold  + . .     Gourm    .     n - +0 gold dragon armour "Ireno" {rElec rPois rF+ rC+ MR+ Str+9 Int-2}
rNeg   . . .     Faith    .     c - +0 shield
rPois  +         Spirit   .     (helmet restricted)
rElec  +         Dismiss  .     (no cloak)
rCorr  .         Reflect  .     o - +2 pair of gloves {Dex+3}
SustAt .         Harm     .     (no boots)
MR     +....                    r - amulet of regeneration
Stlth  ..........               g - +3 ring of protection
                                e - +2 ring of strength

@: heroism, somewhat resistant to hostile enchantments, extremely unstealthy
A: retaliatory headbutt, horns 2
a: Heroism, Renounce Religion


You were on level 7 of the Dungeon.
You worshipped Okawaru.
Okawaru was pleased with you.
You were not hungry.

You visited 2 branches of the dungeon, and saw 8 of its levels.
You also visited: Bailey.

You collected 361 gold pieces.
You spent 110 gold pieces at shops.

Inventory:

Hand Weapons
 a - a +1 war axe (weapon)
Missiles
 h - 8 javelins of returning (quivered)
Armour
 b - a +0 scale mail
 c - a +0 shield (worn)
 n - the +0 gold dragon armour "Ireno" (worn) {rElec rPois rF+ rC+ MR+ Str+9 Int-2}
   (You found it in a bailey)

   It affects your strength (+9).
   It affects your intelligence (-2).
   It protects you from fire.
   It protects you from cold.
   It insulates you from electricity.
   It protects you from poison.
   It affects your resistance to hostile enchantments.
 o - a +2 pair of gloves of dexterity (worn)
Jewellery
 e - a +2 ring of strength (left hand)
 g - a +3 ring of protection (right hand)
 r - an amulet of regeneration (around neck)
Wands
 d - a wand of disintegration (15/24)
 l - a wand of slowing (24/48)
 p - a wand of teleportation (2/9)
Scrolls
 x - 2 scrolls of remove curse
 A - a scroll of blinking
Potions
 i - 4 potions of brilliance
 k - a potion of ambrosia
 m - a potion of curing
 q - a potion of beneficial mutation {unknown}
 t - 2 potions of haste {unknown}
 u - a potion of heal wounds {unknown}
Books
 j - an Akashic Record

   Spells                             Type                      Level
   a - Dispersal                      Translocation                6
   b - Malign Gateway                 Summoning/Translocation      7
   c - Disjunction                    Translocation                8
   d - Controlled Blink               Translocation                8
 s - a book of Summonings

   Spells                             Type                      Level
   a - Recall                         Summoning/Translocation      3
   b - Aura of Abjuration             Summoning                    5
   c - Summon Demon                   Summoning                    5
   d - Summon Forest                  Summoning/Translocation      5
   e - Summon Mana Viper              Hexes/Summoning              5
   f - Shadow Creatures               Summoning                    6
 y - a Fen Folio

   Spells                             Type                      Level
   a - Corpse Rot                     Necromancy                   2
   b - Stone Arrow                    Conjuration/Earth            3
   c - Leda's Liquefaction            Hexes/Earth                  4
   d - Summon Forest                  Summoning/Translocation      5
   e - Hydra Form                     Transmutation                6
   f - Summon Hydra                   Summoning                    7
Comestibles
 f - 3 bread rations


   Skills:
 - Level 3.6(8.6) Fighting
 - Level 10.6(15.6) Axes
 * Level 10.3(15.3) Armour
 - Level 8.6(13.6) Shields


You had 8 spell levels left.
You didn't know any spells.

Dungeon Overview and Level Annotations

Branches:
Dungeon (7/15)             Temple (1/1) D:5

Altars:
Ashenzari
Cheibriados
Elyvilon
Fedhas
Gozag
Kikubaaqudgha
Makhleb
Nemelex Xobeh
Okawaru
Pakellas
Qazlal
Ru
Sif Muna
Trog
Xom
Yredelemnul
The Shining One

Shops:
D:5 :   D:6 *


Innate Abilities, Weirdness & Mutations

You reflexively headbutt those who attack you in melee.
You have a pair of horns on your head.


Message History

You hit the hungry ghost.
The hungry ghost is lightly damaged.
You block the orc warrior's attack.
The orc priest mumbles some strange prayers to Beogh against you.
Something smites you!
You closely miss the hungry ghost. Your headbutt misses the hungry ghost.
The hungry ghost is lightly damaged.
You block the hungry ghost's attack.
The orc warrior hits you from afar with a trident.
Drink which item? (? for menu, Esc to quit)
Okay, then.
You feel like a meek peon again.
The orc priest calls down the wrath of Beogh upon you.
Something smites you!
* * * LOW HITPOINT WARNING * * *
You gain the combat prowess of a mighty hero.
You feel slightly more hungry. You block the hungry ghost's attack.
The orc priest calls down the wrath of Beogh upon you.
Something smites you!
You die...

..........# #..... ..........#
##.... ........## #.....
.....##..## #..... ### ##..##
#...## ##o)## ##....# ###.o##
##...... #####...W.## ##.......
#####........@.## ##....#..#
##.............#.# ##....##.##
......).........#.###........#
#..............)##.#..........#
##..............##.............
#..............#..............
##.................#..........
##..............###..........
##............## #.........


You could see a hungry ghost, an orc warrior and an orc priest.

Vanquished Creatures
  The ghost of Lysie the Cleaver, a novice MiFi of Okawaru (D:6)
  An orc knight (Bailey)
  Prince Ribbit (D:6)
  A hungry ghost (D:7)
  Edmund (D:4)
  An orc warrior (D:6)
  A sky beast (D:6)
  3 ogres
  An ice beast (D:6)
  2 centaurs
  3 giant frogs
  A water moccasin zombie (D:7)
  A water moccasin skeleton (D:6)
  4 crimson imps
  A jelly (D:6)
  A giant frog zombie (D:5)
  An orc priest (D:7)
  Crazy Yiuf (D:4)
  3 hounds
  A centaur skeleton (D:5)
  Ijyb (D:2)
  Natasha (thrice) (D:3)
  4 orc wizards
  5 worker ants
  A killer bee zombie (D:6)
  A hound skeleton (D:6)
  4 gnolls
  11 adders
  3 worms
  3 giant geckos
  27 orcs
  5 giant cockroaches
  8 goblins
  4 hobgoblins
  9 jackals
  4 quokkas
  6 bats
  3 giant newts
  2 gnoll zombies (D:4)
  2 kobolds
  6 rats
142 creatures vanquished.

Notes
Turn   | Place    | Note
--------------------------------------------------------------
     0 | D:1      | Lysie the Minotaur Fighter began the quest for the Orb.
     0 | D:1      | Reached XP level 1. HP: 19/19 MP: 0/0
    14 | D:1      | Reached XP level 2. HP: 26/26 MP: 1/1
    93 | D:1      | Reached skill level 4 in Armour
  1016 | D:2      | Reached XP level 3. HP: 26/31 MP: 2/2
  1037 | D:1      | HP: 1/31 [poisoned by an adder]
  1547 | D:2      | Found a sacrificial altar of Ru.
  1562 | D:2      | Reached XP level 4. HP: 39/39 MP: 3/3
  1650 | D:2      | Found a white marble altar of Elyvilon.
  1678 | D:2      | Noticed Ijyb
  1702 | D:2      | Killed Ijyb
  1702 | D:2      | Reached skill level 5 in Armour
  1821 | D:3      | Noticed Natasha
  1829 | D:3      | Killed Natasha
  1829 | D:3      | Reached skill level 5 in Shields
  1829 | D:3      | Reached XP level 5. HP: 33/45 MP: 4/4
  1945 | D:3      | Noticed Natasha
  1956 | D:3      | Killed Natasha
  2071 | D:3      | Noticed Natasha
  2100 | D:3      | Killed Natasha
  2284 | D:4      | Reached skill level 5 in Axes
  2284 | D:4      | Reached XP level 6. HP: 51/51 MP: 5/5
  2541 | D:4      | Found a shimmering altar of Xom.
  2700 | D:4      | Noticed Edmund
  2714 | D:4      | Killed Edmund
  2714 | D:4      | Reached skill level 6 in Armour
  2714 | D:4      | Reached XP level 7. HP: 57/57 MP: 6/6
  3076 | D:4      | Found a basalt altar of Yredelemnul.
  3107 | D:4      | Noticed Crazy Yiuf
  3113 | D:4      | Killed Crazy Yiuf
  3232 | D:5      | Entered Level 5 of the Dungeon
  3393 | D:5      | Reached skill level 7 in Axes
  3623 | D:5      | Found a staircase to the Ecumenical Temple.
  3634 | Temple   | Entered the Ecumenical Temple
  3670 | Temple   | Became a worshipper of Warmaster Okawaru
  3786 | D:5      | Found a bloodstained altar of Trog.
  3807 | D:5      | Found Vemutup's Book Shoppe.
  3881 | D:6      | Reached XP level 8. HP: 64/64 MP: 7/7
  3901 | D:6      | Noticed Prince Ribbit
  3908 | D:6      | Reached skill level 8 in Axes
  3909 | D:6      | Killed Prince Ribbit
  3909 | D:6      | Reached * piety under Okawaru
  3928 | D:6      | Reached skill level 9 in Axes
  3972 | D:6      | Found Qij Xuas's General Store.
  3980 | D:6      | Bought a scroll of identify for 20 gold pieces
  4106 | D:6      | Found a deep blue altar of Sif Muna.
  4147 | D:6      | Found an iron altar of Okawaru.
  4218 | D:6      | Bought 3 scrolls of remove curse for 90 gold pieces
  4355 | D:6      | Noticed Lysie's ghost (novice MiFi)
  4444 | D:6      | Killed Lysie's ghost
  4444 | D:6      | Reached ** piety under Okawaru
  4444 | D:6      | Reached skill level 10 in Axes
  4444 | D:6      | Reached XP level 9. HP: 66/70 MP: 8/8
  4614 | D:6      | Found an ancient bone altar of Kikubaaqudgha.
  4735 | D:6      | Found a snail-covered altar of Cheibriados.
  4910 | D:7      | Found a flagged portal.
  4920 | Bailey   | Entered a bailey
  5192 | Bailey   | Got a bronze gold dragon armour
  5212 | Bailey   | Identified the cursed +0 gold dragon armour "Ireno" {rElec rPois rF+ rC+ MR+ Str+9 Int-2} (You found it in a bailey)
  5219 | Bailey   | Got a transparent quarterstaff
  5227 | Bailey   | Identified the +5 quarterstaff "Piheduj" {flame, +Fly} (You found it in a bailey)
  5244 | Bailey   | Noticed an orc knight
  5253 | Bailey   | Killed an orc knight
  5390 | D:7      | Reached skill level 10 in Armour
  5428 | D:7      | Killed from afar by an orc priest

Vault maps used:
D:1:      lightli_arrival_flooded_house
D:2:      old_standard_altar, lemuel_coloured_pillars_altar,
          hangedman_abyss_or_decor_stabs, uniq_iyjb
D:3:      kennysheep_generic_room_3, uniq_natasha
D:4:      lemuel_crystal_altar, lemuel_zombie_altar_yredelemnul, first_bread,
          uniq_crazy_yiuf_cottage, uniq_edmund
D:5:      overflow_temple_1_default, minmay_temple_entry_statues_fountains,
          serial_shops, kennysheep_mini
D:6:      kiku_gazebo_pond_becter, kennysheep_little_box, serial_shops,
          nicolae_shop_crystal, basic_altar, okawaru_ov_weapons_minmay,
          uniq_prince_ribbit1
D:7:      zin_purify, gammafunk_temple_overflow_elements, serial_shops,
          nicolae_shop_statue_plus, enter_bailey_2, kennysheep_generic_room_9
Temple:   eino_wide_crystal_templ_10
Bailey:   bailey_polearm_1, bailey

Action                   |  1- 3 |  4- 6 |  7- 9 || total
-------------------------+-------+-------+-------++-------
Melee: War axe           |    74 |   120 |   223 ||   417
Throw: Javelin           |       |       |     7 ||     7
Invok: Heroism           |       |       |     2 ||     2
  Use: Potion            |     1 |       |     3 ||     4
       Scroll            |       |     5 |    10 ||    15
  Eat: Beef jerky        |     1 |       |     2 ||     3
       Bread ration      |     1 |       |     1 ||     2
       Fruit             |       |       |     2 ||     2
       Meat ration       |       |       |     1 ||     1
